 Dungeon Crawl Stone Soup version 0.23.1-37-gaa34b87 (webtiles) character file.

Game seed: 2035902063980711918

81 snowfan the Gusty (level 4, -4/30 HPs)
             Began as a Mummy Air Elementalist on Mar 25, 2019.
             Killed from afar by an orc wizard (6 damage)
             ... with a puff of frost
             ... on level 2 of the Dungeon.
             The game lasted 00:07:32 (2625 turns).

snowfan the Gusty (Mummy Air Elementalist)          Turns: 2625, Time: 00:07:33

Health: -4/30      AC:  2    Str: 11    XL:     4   Next: 19%
Magic:  0/8        EV: 12    Int: 15    God:
Gold:   93         SH:  3    Dex: 12    Spells: 7/8 levels left

rFire    x . .     SeeInvis .   b - +0 short sword
rCold    + . .     Gourm    .   (no shield)
rNeg     + + +     Faith    .   a - +0 robe
rPois    ∞         Spirit   .   (no helmet)
rElec    .         Reflect  +   (no cloak)
rCorr    .         Harm     .   (no gloves)
MR       .....                  (no boots)
Stlth    ++........             d - +3 amulet of reflection
HPRegen  0.10/turn              (no ring)
MPRegen  0.11/turn              (no ring)

@: no status effects
A: no food or potions, fire vulnerability, cold resistance 1, negative energy
resistance 3, torment resistance, unbreathing
a: no special abilities


You were on level 2 of the Dungeon.
You were not hungry.

You visited 1 branch of the dungeon, and saw 3 of its levels.

You collected 93 gold pieces.

Inventory:

Hand Weapons
 b - a +0 short sword (weapon)
Missiles
 c - 44 stones (quivered)
Armour
 a - a +0 robe (worn)
Jewellery
 d - a +3 amulet of reflection (around neck)
Scrolls
 e - a scroll of amnesia {unknown}
 f - a scroll of enchant weapon {unknown}
 g - 3 scrolls of identify {unknown}
 h - a scroll of fog {unknown}


   Skills:
 - Level 1.5 Dodging
 - Level 1.5 Stealth
 - Level 2.6 Spellcasting
 + Level 2.3 Conjurations
 + Level 3.4 Air Magic


You had 7 spell levels left.
You knew the following spells:

 Your Spells              Type           Power        Failure   Level  Hunger
a - Shock                 Conj/Air       ##..         6%          1    N/A

Your spell library contained the following spells:

 Spells                   Type           Power        Failure   Level  Hunger
 Swiftness                Chrm/Air       #.......     16%         2    N/A
 Static Discharge         Conj/Air       ##......     19%         3    N/A
 Airstrike                Air            ##........   45%         4    N/A
 Lightning Bolt           Conj/Air       ##........   87%         5    N/A

Dungeon Overview and Level Annotations

Branches:
Dungeon (3/15)

Altars:


Innate Abilities, Weirdness & Mutations

You do not eat or drink.
Your flesh is vulnerable to fire.
You are immune to poison.
Your flesh is cold resistant. (rC+)
You are immune to negative energy. (rN+++)
You are immune to unholy pain and torment.
You can survive without breathing.


Message History

Aim: an orc wizard, wielding a +0 dagger and wearing a +0 robe (severely wounded, fast)
The zap hits the orc wizard.
The orc wizard is almost dead.
The orc wizard hits you with a +0 dagger.
Casting: Shock (safe; 6% risk of failure)
Confirm with . or Enter, or press ? or * to list all spells.
You don't have enough magic to cast that spell.
No previous command to re-do.
You hit the orc wizard but do no damage.
The orc wizard is almost dead.
The orc wizard hits you with a +0 dagger.
* * * LOW HITPOINT WARNING * * *
The orc wizard casts a spell at you. The magic dart hits you!
* * * LOW HITPOINT WARNING * * *
You hit the orc wizard but do no damage.
The orc wizard is almost dead.
The orc wizard gestures at you while chanting.
The puff of frost hits you. You resist.
You die...

♣ #...# #.# ##
#.#.# #.# .#
#.#.# #.#
##########...#
#.#
.............#
#.#
###########.##
#.# #.# #.# #.#
#.# #.# #@# #.#
#o# #.# #.# #.#
#.# #.# #.# #.#
#.# #.# ##.##
#######.###...##
#.......##.#.#.#


You could see an orc wizard.

Vanquished Creatures
  Jessica (D:2)
  An adder (D:2)
  A worm (D:3)
  A dart slug (D:2)
  2 leopard geckos
  An orc (D:2)
  A ball python (D:3)
  4 bats
  3 giant cockroaches
  A hobgoblin (D:3)
  3 jackals (D:2)
  6 kobolds (D:1)
  3 frilled lizards
  4 goblins
  8 rats
40 creatures vanquished.

Notes
Turn   | Place    | Note
-------+----------+-------------------------------------------
     0 | D:1      | snowfan the Mummy Air Elementalist began the quest for the
                  | Orb.
     0 | D:1      | Reached XP level 1. HP: 13/13 MP: 4/4
    65 | D:1      | Reached skill level 1 in Conjurations
   512 | D:1      | Reached XP level 2. HP: 13/19 MP: 2/5
  1539 | D:2      | Reached skill level 3 in Air Magic
  1539 | D:2      | Reached XP level 3. HP: 14/24 MP: 5/7
  1695 | D:2      | Noticed Jessica
  1703 | D:2      | Killed Jessica
  1990 | D:2      | Reached XP level 4. HP: 30/30 MP: 4/8
  2625 | D:2      | Killed from afar by an orc wizard

Skill      XL: |  1  2  3 |
---------------+----------+-----
Conjurations   | 1 2 |  2.3
Air Magic      | 3 |  3.4
Dodging        | |  1.5
Stealth        | |  1.5
Spellcasting   | |  2.6

Action                   |  1- 3 |  4- 6 || total
-------------------------+-------+-------++-------
Melee: Short sword       |     9 |    12 ||    21
Throw: Stone             |     2 |       ||     2
 Cast: Shock             |    59 |    28 ||    87
Armor: Robe              |    13 |     5 ||    18
Dodge: Dodged            |    18 |    15 ||    33
Block: Other             |       |     4 ||     4
